 Dungeon Crawl Stone Soup version 0.27-a0-594-g2aaa8dbbc2 (webtiles) character file.

Game seed: 17650526268750119048

2 CurlyBrace the Caller (level 1, -1/7 HPs)
             Began as a Felid Summoner on Mar 11, 2021.
             Slain by a hobgoblin (4 damage)
             ... on level 1 of the Dungeon.
             The game lasted 00:00:23 (52 turns).

CurlyBrace the Caller (Felid Summoner)                Turns: 52, Time: 00:00:24

Health: -1/7       AC:  1    Str:  4    XL:     1   Next: 25%
Magic:  4/4        EV: 17    Int: 16    God:
Gold:   33         SH:  0    Dex: 16    Spells: 3/4 levels left
                                        Lives:  0   Deaths: 0

rFire    . . .     SeeInvis +   (weapon unavailable)
rCold    . . .     Faith    .   (shield unavailable)
rNeg     . . .     Spirit   .   (armour unavailable)
rPois    .         Reflect  .   (helmet unavailable)
rElec    .         Harm     .   (cloak unavailable)
rCorr    .         Rampage  .   (gloves unavailable)
Will     .....                  (boots unavailable)
Stlth    +++.......             (no amulet)
HPRegen  0.02/turn              (no ring)
MPRegen  0.09/turn              (no ring)

@: quick
A: very small, claws 1, fangs 3, see invisible, speed 1, shaggy fur 1, stealthy
paws, no weapons or thrown items, no armour, multi-lived
a: no special abilities


You were on level 1 of the Dungeon.
You visited 1 branch of the dungeon, and saw 1 of its levels.

You collected 33 gold pieces.

Inventory:

Scrolls
 a - a scroll of enchant weapon {unknown}


   Skills:
 * Level 0.2 Fighting
 + Level 2.7 Dodging
 + Level 2.7 Stealth
 * Level 0.2 Unarmed Combat
 - Level 2.0 Spellcasting
 - Level 4.0 Summonings


You had 3 spell levels left.
You knew the following spells:

 Your Spells              Type           Power      Damage    Failure   Level
a - Summon Small Mammal   Summ           56%        N/A       4%          1

Your spell library contained the following spells:

 Spells                   Type           Power      Damage    Failure   Level
 Call Imp                 Summ           14%        N/A       6%          2
 Call Canine Familiar     Summ           14%        N/A       12%         3
 Summon Guardian Golem    Hex/Summ       8%         N/A       26%         3
 Summon Ice Beast         Ice/Summ       8%         N/A       65%         4
 Summon Lightning Spire   Summ/Air       8%         N/A       65%         4


Dungeon Overview and Level Annotations

Branches:
Dungeon (1/15)

Altars:


Innate Abilities, Weirdness & Mutations

You have sharp claws.
You have razor-sharp teeth.
You have supernaturally acute eyesight. (SInv)
You cover ground quickly. (Speed+)
You are covered in fur. (AC +1)
Your stealthy paws help you sneak and pounce on unaware monsters.
You are incapable of wielding weapons or throwing items.
You cannot wear armour.
You gain extra lives every three experience levels.


Message History

Found a scroll labelled ZEDOOS HYAFRATT.
You see here a rat corpse.
You see here 17 gold pieces.
You now have 17 gold pieces.
Found 16 gold pieces.
A rat comes into view.
You see here a scroll labelled ZEDOOS HYAFRATT.
a - a scroll labelled ZEDOOS HYAFRATT You see here 16 gold pieces.
You now have 33 gold pieces (gained 16).
A rat and a hobgoblin come into view.
The helpless rat fails to defend itself.
You claw the rat!
You kill the rat!
You see here a rat corpse.
The helpless rat fails to defend itself.
You scratch the rat.
You kill the rat!
You see here a rat corpse.
The hobgoblin shouts!
You closely miss the hobgoblin. The hobgoblin completely misses you.
The hobgoblin completely misses you.
You scratch the hobgoblin. Your bite misses the hobgoblin.
The hobgoblin is heavily wounded.
The hobgoblin hits you.
You barely miss the hobgoblin.
The hobgoblin is heavily wounded.
The hobgoblin barely misses you.
You scratch the hobgoblin.
The hobgoblin is heavily wounded.
The hobgoblin hits you.
You are too injured to fight recklessly!
You are too injured to fight recklessly!
Unknown command.
You are too injured to fight recklessly!
You closely miss the hobgoblin.
The hobgoblin is heavily wounded.
The hobgoblin hits you.
Ouch! That really hurt!
You die...

. # #. ## .# .. .
.# # # #.#.#.
#####.#.#.#
#....##..........
#..g.......#..
#..@.†.......#
#.##.###.....# #.
#.# ##### #.
#.##.# #. #.##.#
#.###.##.#
#........#### #
#..........#
#.####.##.#..##.#


You could see a hobgoblin.

Vanquished Creatures
  3 rats (D:1)
3 creatures vanquished.

Notes
Turn   | Place    | Note
-------+----------+-------------------------------------------
     0 | D:1      | CurlyBrace the Felid Summoner began the quest for the Orb.
     0 | D:1      | Reached XP level 1. HP: 7/7 MP: 4/4
    52 | D:1      | Slain by a hobgoblin

Illustrated notes

Levels and vault maps discovered:
D:1:      wander_arrival_chamber, layout_loops_ring, minmay_misc_feat_iff,
          minmay_close_crescents

Action                   || total
-------------------------++-------
Melee: Unarmed           ||    10
 Stab: Sleeping          ||     2
Dodge: Dodged            ||     5

Table legend: (Time is in decaauts)
 A = Elapsed time spent in this place.
 B = Non-inter-level travel time spent in this place.
 C = Inter-level travel time spent in this place.
 D = Time resting spent in this place.
 E = Time spent auto-exploring this place.
 F = Levels seen in this place.
 G = Mean time per level.
                   A        B        C        D        E       F      G
               +--------+--------+--------+--------+--------+-----+--------+
         Total |     44 |     44 |      0 |      0 |      0 |   1 |   44.0 |
       Dungeon |     44 |     44 |      0 |      0 |      0 |   1 |   44.0 |
               +--------+--------+--------+--------+--------+-----+--------+

Top non-repeatable levels by time:
     D:1: 44 daAuts
